PL
ATLANTA SMOKE @ RICHARDSON CITY THUNDERCATS
08/24/2022
 
TOP OF THE 1ST
Atlanta Smoke batting - Pitching for Richardson City Thundercats : RHP Cordell Wilson
Pitching: RHP Cordell Wilson
Batting: LHB Albert Morán 0-0: Ground out 4-3 (Groundball, 4)
Batting: RHB Cale Sutton 0-0: Ball
1-0: SINGLE (Line Drive, 4MD)
Batting: RHB Bob Campbell 0-0: Ball
1-0: Ball
2-0: Ball
3-0: Called Strike
3-1: Foul Ball, location: 2F
3-2: Foul Ball, location: 2F
3-2: Grounds into double play, 1-6-3 (Groundball, 13S)
Top of the 1st over - 0 run(s), 1 hit(s), 0 error(s), 0 left on base; Atlanta 0 - Richardson City 0
BOTTOM OF THE 1ST
Richardson City Thundercats batting - Pitching for Atlanta Smoke : LHP José Flores
Pitching: LHP José Flores
Batting: RHB Chriss Mann 0-0: Swinging Strike
0-1: Ball
1-1: Ball
2-1: Ball
3-1: Base on Balls
Batting: RHB Nick Simmons 0-0: Ball
1-0: Foul Ball, location: 2F
1-1: Called Strike
1-2: Ball
2-2: Fly out, F8 (Flyball, 8RXD)
Batting: RHB Juan Cabrera 0-0: Ball
1-0: Ball
2-0: Called Strike
2-1: Fielders Choice at 2nd, 5-4 (Groundball, 5L)
Batting: RHB Yong-oon Yi 0-0: Foul Ball, location: 2F
0-1: Foul Ball, location: 2F
0-2: Foul Ball, location: 2F
0-2: Ball
1-2: Ball
2-2: Ground out 6-3 (Groundball, 6)
Bottom of the 1st over - 0 run(s), 0 hit(s), 0 error(s), 1 left on base; Atlanta 0 - Richardson City 0
TOP OF THE 2ND
Atlanta Smoke batting - Pitching for Richardson City Thundercats : RHP Cordell Wilson
Batting: RHB Iván Pérez 0-0: Ground out 6-3 (Groundball, 6M)
Batting: LHB Armando Esparza 0-0: Called Strike
0-1: Swinging Strike
0-2: Fly out, F7 (Flyball, 78M)
Batting: RHB Chris Teague 0-0: Called Strike
0-1: Called Strike
0-2: Foul Ball, location: 2F
0-2: Ground out 6-3 (Groundball, 6)
Top of the 2nd over - 0 run(s), 0 hit(s), 0 error(s), 0 left on base; Atlanta 0 - Richardson City 0
BOTTOM OF THE 2ND
Richardson City Thundercats batting - Pitching for Atlanta Smoke : LHP José Flores
Batting: RHB Nate Cates 0-0: Ball
1-0: Ball
2-0: Foul Ball, location: 2F
2-1: Foul Ball, location: 2F
2-2: Fly out, F8 (Flyball, 8RM)
Batting: RHB Joey Jones 0-0: Ball
1-0: Ball
2-0: SINGLE (Groundball, 4MD)
Batting: SHB Leonard O'Connor 0-0: Ball
Joey Jones is caught stealing 2nd base
1-0: Ball
2-0: Foul Ball, location: 2F
2-1: Foul Ball, location: 2F
2-2: Ground out 6-3 (Groundball, 56)
Bottom of the 2nd over - 0 run(s), 1 hit(s), 0 error(s), 0 left on base; Atlanta 0 - Richardson City 0
TOP OF THE 3RD
Atlanta Smoke batting - Pitching for Richardson City Thundercats : RHP Cordell Wilson
Batting: RHB Mike Brown 0-0: Ground out 4-3 (Groundball, 4S)
Batting: RHB Bartolo Morales 0-0: Foul Ball, location: 2F
0-1: Foul Ball, location: 2F
0-2: Strikes out looking
Batting: RHB Mike Burns 0-0: Ball
1-0: Called Strike
1-1: Foul Ball, location: 2F
1-2: Foul Ball, location: 2F
1-2: Foul Ball, location: 2F
1-2: SINGLE (Groundball, 56D)
Batting: LHB Albert Morán 0-0: Ball
Mike Burns is caught stealing 2nd base
Top of the 3rd over - 0 run(s), 1 hit(s), 0 error(s), 0 left on base; Atlanta 0 - Richardson City 0
BOTTOM OF THE 3RD
Richardson City Thundercats batting - Pitching for Atlanta Smoke : LHP José Flores
Batting: RHB Steve Dunn 0-0: Ball
1-0: Called Strike
1-1: Foul Ball, location: 2F
1-2: Strikes out swinging
Batting: SHB Eugene Parrish 0-0: Called Strike
0-1: Swinging Strike
0-2: Foul Ball, location: 2F
0-2: Fly out, F3 (Popup, 3F)
Batting: RHB Chriss Mann 0-0: Ball
1-0: Ball
2-0: Ball
3-0: Base on Balls
Batting: RHB Nick Simmons 0-0: Ball
Chriss Mann steals 2nd base
1-0: SINGLE (Line Drive, 6M)
Chriss Mann to third
Runner from 3rd tries for Home, SAFE, no throw or cutoff
Batting: RHB Juan Cabrera 0-0: Ball
1-0: Called Strike
1-1: Fielders Choice at 2nd, 6-4 (Groundball, 6)
Bottom of the 3rd over - 1 run(s), 1 hit(s), 0 error(s), 0 left on base; Atlanta 0 - Richardson City 1
TOP OF THE 4TH
Atlanta Smoke batting - Pitching for Richardson City Thundercats : RHP Cordell Wilson
Batting: LHB Albert Morán 0-0: Ball
1-0: Called Strike
1-1: Ground out 4-3 (Groundball, 4)
Batting: RHB Cale Sutton 0-0: Ball
1-0: Called Strike
1-1: Ball
2-1: Foul Ball, location: 2F
2-2: Ball
3-2: Foul Ball, location: 2F
3-2: Strikes out looking
Batting: RHB Bob Campbell 0-0: Ball
1-0: Swinging Strike
1-1: Foul Ball, location: 2F
1-2: Strikes out swinging
Top of the 4th over - 0 run(s), 0 hit(s), 0 error(s), 0 left on base; Atlanta 0 - Richardson City 1
BOTTOM OF THE 4TH
Richardson City Thundercats batting - Pitching for Atlanta Smoke : LHP José Flores
Batting: RHB Yong-oon Yi 0-0: Called Strike
0-1: Called Strike
0-2: Foul Ball, location: 2F
0-2: SOLO HOME RUN (Flyball, 78XD), Distance : 406 ft
Batting: RHB Nate Cates 0-0: Fly out, F8 (Flyball, 8LM)
Batting: RHB Joey Jones 0-0: Called Strike
0-1: Ball
1-1: Ball
2-1: Foul Ball, location: 2F
2-2: Fly out, F9 (Flyball, 89M)
Batting: SHB Leonard O'Connor 0-0: Called Strike
0-1: Ball
1-1: Foul Ball, location: 2F
1-2: Foul Ball, location: 2F
1-2: Fly out, F7 (Line Drive, 7M)
Bottom of the 4th over - 1 run(s), 1 hit(s), 0 error(s), 0 left on base; Atlanta 0 - Richardson City 2
TOP OF THE 5TH
Atlanta Smoke batting - Pitching for Richardson City Thundercats : RHP Cordell Wilson
Batting: RHB Iván Pérez 0-0: Ball
1-0: Called Strike
1-1: Fly out, F2 (Popup, 2LF)
Batting: LHB Armando Esparza 0-0: Ball
1-0: Ground out 4-3 (Groundball, 34)
Batting: RHB Chris Teague 0-0: Hit by Pitch
Batting: RHB Mike Brown 0-0: Ball
1-0: Ball
2-0: Fly out, F5 (Popup, 5DF)
Top of the 5th over - 0 run(s), 0 hit(s), 0 error(s), 1 left on base; Atlanta 0 - Richardson City 2
BOTTOM OF THE 5TH
Richardson City Thundercats batting - Pitching for Atlanta Smoke : LHP José Flores
Batting: RHB Steve Dunn 0-0: Ball
1-0: Ground out 5-3 (Groundball, 56)
Batting: SHB Eugene Parrish 0-0: Foul Ball, location: 2F
0-1: Ball
1-1: DOUBLE (Flyball, 8LM) - OUT at third base trying to stretch hit.
Batting: RHB Chriss Mann 0-0: SINGLE (Groundball, 6MD)
Batting: RHB Nick Simmons 0-0: Ball
1-0: Ball
2-0: Called Strike
2-1: Foul Ball, location: 2F
2-2: Strikes out swinging
Bottom of the 5th over - 0 run(s), 2 hit(s), 0 error(s), 1 left on base; Atlanta 0 - Richardson City 2
TOP OF THE 6TH
Atlanta Smoke batting - Pitching for Richardson City Thundercats : RHP Cordell Wilson
Batting: RHB Bartolo Morales 0-0: Ground out 6-3 (Groundball, 6)
Batting: RHB Mike Burns 0-0: Called Strike
0-1: Foul Ball, location: 2F
0-2: Foul Ball, location: 2F
0-2: Ground out 5-3 (Groundball, 5S)
Batting: LHB Albert Morán 0-0: Called Strike
0-1: Ball
1-1: Ball
2-1: Foul Ball, location: 2F
2-2: Foul Ball, location: 2F
2-2: Ball
3-2: Foul Ball, location: 2F
3-2: Ground out U3 (Groundball, 3S)
Top of the 6th over - 0 run(s), 0 hit(s), 0 error(s), 0 left on base; Atlanta 0 - Richardson City 2
BOTTOM OF THE 6TH
Richardson City Thundercats batting - Pitching for Atlanta Smoke : LHP José Flores
Batting: RHB Juan Cabrera 0-0: Called Strike
0-1: Ball
1-1: Called Strike
1-2: SINGLE (Line Drive, 7LS)
Batting: RHB Yong-oon Yi 0-0: Called Strike
0-1: Ball
1-1: Ball
2-1: Foul Ball, location: 2F
2-2: Strikes out swinging
Batting: RHB Nate Cates 0-0: Ball
1-0: Called Strike
1-1: Foul Ball, location: 2F
1-2: Ball
2-2: Foul Ball, location: 2F
2-2: Foul Ball, location: 2F
2-2: Ball
3-2: Base on Balls
Juan Cabrera to second
Batting: RHB Joey Jones 0-0: Ball
1-0: SINGLE (Line Drive, 56)
Juan Cabrera to third
Nate Cates to second
Batting: SHB Leonard O'Connor 0-0: Ball
1-0: Called Strike
1-1: Hit by Pitch
Juan Cabrera scores
Nate Cates to third
Joey Jones to second
Batting: RHB Steve Dunn 0-0: Ground out 5-3 (Groundball, 5S)
Nate Cates scores
Joey Jones to third
Leonard O'Connor to second
Batting: SHB Eugene Parrish 0-0: Fly out, F7 (Flyball, 7D)
Bottom of the 6th over - 2 run(s), 2 hit(s), 0 error(s), 2 left on base; Atlanta 0 - Richardson City 4
TOP OF THE 7TH
Atlanta Smoke batting - Pitching for Richardson City Thundercats : RHP Cordell Wilson
Batting: RHB Cale Sutton 0-0: Ball
1-0: Ball
2-0: Foul Ball, location: 2F
2-1: Called Strike
2-2: Ball
3-2: Fly out, F9 (Flyball, 9D)
Batting: RHB Bob Campbell 0-0: Called Strike
0-1: Ground out 6-3 (Groundball, 6)
Batting: RHB Iván Pérez 0-0: Called Strike
0-1: Swinging Strike
0-2: Ball
1-2: Foul Ball, location: 2F
1-2: Ball
2-2: Strikes out looking
Top of the 7th over - 0 run(s), 0 hit(s), 0 error(s), 0 left on base; Atlanta 0 - Richardson City 4
BOTTOM OF THE 7TH
Richardson City Thundercats batting - Pitching for Atlanta Smoke : LHP José Flores
Batting: RHB Chriss Mann 0-0: Called Strike
0-1: Ball
1-1: Called Strike
1-2: Ball
2-2: Foul Ball, location: 2F
2-2: Ball
3-2: Base on Balls
Pitching: RHP Mike Farrell
Batting: RHB Nick Simmons 0-0: Fielders Choice at 2nd, 1-6 (Groundball, 13S)
Batting: RHB Juan Cabrera 0-0: Called Strike
0-1: SINGLE (Groundball, 6M)
Nick Simmons to second
Batting: RHB Yong-oon Yi 0-0: Ball
1-0: 3-RUN HOME RUN (Line Drive, 78XD), Distance : 404 ft
Pitching: RHP Andrés Martínez
Batting: RHB Nate Cates 0-0: Swinging Strike
0-1: Swinging Strike
0-2: Foul Ball, location: 2F
0-2: Ball
1-2: Strikes out looking
Batting: RHB Joey Jones 0-0: Called Strike
0-1: Ball
1-1: Swinging Strike
1-2: Ball
2-2: Ball
3-2: Foul Ball, location: 2F
3-2: Strikes out swinging
Bottom of the 7th over - 3 run(s), 2 hit(s), 0 error(s), 0 left on base; Atlanta 0 - Richardson City 7
TOP OF THE 8TH
Atlanta Smoke batting - Pitching for Richardson City Thundercats : RHP Cordell Wilson
Batting: LHB Armando Esparza 0-0: Ball
1-0: Ball
2-0: Foul Ball, location: 2F
2-1: Foul Ball, location: 2F
2-2: Ball
3-2: Base on Balls
Batting: RHB Chris Teague 0-0: Ball
1-0: Called Strike
1-1: Swinging Strike
1-2: Foul Ball, location: 2F
1-2: Hit by Pitch
Armando Esparza to second
Batting: RHB Mike Brown 0-0: Ball
1-0: Ball
2-0: Foul Ball, location: 2F
2-1: Foul Ball, location: 2F
2-2: Ball
3-2: Fly out, F9 (Flyball, 9LM)
Batting: RHB Bartolo Morales 0-0: Foul Ball, location: 2F
0-1: Called Strike
0-2: Ball
1-2: Foul Ball, location: 2F
1-2: Strikes out swinging
Batting: RHB Mike Burns 0-0: Ball
1-0: Ball
2-0: Foul Ball, location: 2F
2-1: Ground out 5-3 (Groundball, 56)
Top of the 8th over - 0 run(s), 0 hit(s), 0 error(s), 2 left on base; Atlanta 0 - Richardson City 7
BOTTOM OF THE 8TH
Richardson City Thundercats batting - Pitching for Atlanta Smoke : RHP Andrés Martínez
Batting: SHB Leonard O'Connor 0-0: Ball
1-0: Called Strike
1-1: DOUBLE (Flyball, 8LXD)
Batting: RHB Steve Dunn 0-0: Foul Ball, location: 2F
0-1: Fly out, F4 (Popup, 4)
Batting: SHB Eugene Parrish 0-0: Called Strike
0-1: Ball
1-1: Foul Ball, location: 2F
1-2: Ball
2-2: Ball
3-2: Fly out, F6 (Popup, 56D)
Batting: RHB Chriss Mann 0-0: Called Strike
0-1: Ball
1-1: Ball
2-1: Ball
3-1: Base on Balls
Batting: RHB Nick Simmons 0-0: Ball
1-0: Called Strike
1-1: Ball
2-1: Swinging Strike
2-2: Strikes out swinging
Bottom of the 8th over - 0 run(s), 1 hit(s), 0 error(s), 2 left on base; Atlanta 0 - Richardson City 7
TOP OF THE 9TH
Atlanta Smoke batting - Pitching for Richardson City Thundercats : RHP Cordell Wilson
Pinch Hitting: LHB Michael Smith 0-0: Called Strike
0-1: Fly out, F2 (Popup, 23)
Batting: RHB Cale Sutton 0-0: Called Strike
0-1: Ball
1-1: Fly out, F3 (Popup, 3SF)
Batting: RHB Bob Campbell 0-0: Ball
1-0: SINGLE (Groundball, 34)
Pitching: RHP Emílio Zaragoza
Batting: RHB Iván Pérez 0-0: Called Strike
0-1: Foul Ball, location: 2F
0-2: Strikes out looking
Top of the 9th over - 0 run(s), 1 hit(s), 0 error(s), 1 left on base; Atlanta 0 - Richardson City 7
This league is powered by Out of the Park Baseball, the baseball management simulation game for PC, Mac and Linux
Friday, April 15th, 2016 - OOTP Baseball 16.9 Build 39